Map: Amphion LE

Players

trigger

  • Race: Protoss Protoss
  • League: Grandmaster
  • Spawn Location: 11:00

PtitDrogo - Winner!

  • Race: Protoss Protoss
  • Spawn Location: 7:00

Event: HomeStory Cup XXV

VOD

Have the link to the VOD?

Description

Time

  • Played on: June 22, 2024, 3:09 p.m.
  • Length: 5:58

All games in this series

Show
View Real Time Build Order
Export as new Build Order

trigger Protoss 

Build Orders: 1 Gate Expand 

Get SALT Encoding   

  12  0:00  Probe  
  13  0:12  Probe  
  14  0:21  Pylon  
  14  0:24  Probe  
  15  0:39  Gateway, Probe (Chrono Boost)  
  16  0:48  Probe (Chrono Boost)  
  16  0:49  Assimilator  
  17  0:53  Probe  
  18  1:05  Probe  
  19  1:17  Probe  
  20  1:26  Nexus  
  20  1:35  Cybernetics Core  
  20  1:39  Probe  
  21  1:44  Assimilator  
  21  1:49  Zealot (Chrono Boost)  
  23  1:57  Pylon  
  23  2:12  Robotics Facility  
  23  2:15  Probe  
  24  2:23  Warp Gate  
  24  2:27  Probe  
  25  2:31  Stalker  
  25  2:35  Shield Battery  
  27  2:40  Probe (Chrono Boost)  
  29  2:45  Probe (Chrono Boost)  
  29  2:49  Probe (Chrono Boost)  
  30  2:53  Probe (Chrono Boost)  
  30  2:54  Probe (Chrono Boost)  
  32  3:02  Immortal (Chrono Boost)  
  36  3:13  Stalker  
  38  3:21  Gateway  
  36  3:30  Gateway  
  36  3:37  Immortal (Chrono Boost)  
  40  3:48  Pylon  
  40  3:53  Probe x2  
  42  4:00  Shield Battery  
  41  4:11  Robotics Facility, Sentry  
  41  4:13  Shield Battery  
  41  4:14  Pylon  
  39  4:28  Stalker x2  
  37  4:34  Shield Battery  
  37  4:39  Zealot  
  37  4:40  Probe  
  35  4:51  Adept x2  
  34  5:00  Probe x2  
  30  5:13  Adept  
  31  5:17  Adept  
  31  5:20  Probe  
  34  5:24  Probe  
  35  5:34  Adept  
  37  5:41  Sentry  
  36  5:54  Adept  
Show
View Real Time Build Order
Export as new Build Order

PtitDrogo Protoss - Winner!

Build Orders:  

Get SALT Encoding   

  12  0:00  Probe  
  13  0:12  Probe  
  14  0:17  Pylon  
  14  0:24  Probe (Chrono Boost)  
  15  0:36  Probe (Chrono Boost)  
  15  0:38  Gateway  
  16  0:45  Probe (Chrono Boost)  
  16  0:47  Assimilator  
  17  0:51  Probe  
  17  0:55  Assimilator  
  18  1:03  Probe (Chrono Boost)  
  19  1:10  Gateway  
  19  1:14  Probe (Chrono Boost)  
  20  1:19  Probe (Chrono Boost)  
  21  1:25  Cybernetics Core  
  21  1:34  Probe  
  21  1:39  Pylon  
  23  1:53  Pylon  
  23  1:59  Warp Gate (Chrono Boost)  
  22  2:01  Adept x2  
  26  2:11  Robotics Facility  
  26  2:25  Pylon  
  26  2:31  Stalker  
  26  2:35  Stalker  
  30  2:44  Gateway  
  30  2:57  Pylon  
  30  3:13  Immortal (Chrono Boost)  
  34  3:23  Pylon  
  34  3:42  Sentry x2  
  34  3:44  Warp Prism  
  34  3:47  Sentry  
  40  4:11  Adept x3  
  44  4:31  Stalker x2  
  48  4:42  Immortal (Chrono Boost)  
  50  5:12  Adept  
  50  5:14  Immortal  
  52  5:27  Adept  
  54  5:32  Pylon  
Tags
 
Add a new tag
Caveats
  • Supply blocks, unpowered buildings, or Contaminate may cause inaccurate times.
  • Supply counts are checked every 10 seconds.